[ PARTIDA AOE2 · #506249247 ]
UnrankedJemeres vs Saracens
Equipo del jugador · VICT
Equipo rival · DERR
[ ANÁLISIS DE REPETICIÓN · EXTRAÍDO DE LA PARTIDA GRABADA ]
Feudal
8:26
Castillos
20:55
Imperial
33:33
| APM promedio | 54.0 |
| APM pico | 102 |
| eAPM promedio | 24.8 |
| Aldeanos / militares | 88 / 27 |
Foco
⚔️ 26.5% · 🌾 73.5%
Monk ×8 · Scout Cavalry ×6 · Mangonel ×4 · Ballista Elephant ×4 · Trebuchet (Packed) ×3 · Scorpion ×2
Feudal
9:59
Castillos
20:13
Imperial
—
| APM promedio | 58.1 |
| APM pico | 112 |
| eAPM promedio | 32.3 |
| Aldeanos / militares | 97 / 41 |
Foco
⚔️ 27.5% · 🌾 72.5%
Mameluke ×21 · Scout Cavalry ×8 · Spearman ×5 · Mangonel ×4 · Trade Cart ×2 · Monk ×1
Mapa de la partida
Recursos iniciales + cada clic de construcción. Líneas = muros · curvas = relieve. ◆ oro · ⬟ piedra · ● bayas · ✦ reliquia · ◌ hueco del cierre
Tu base· Abierta — flanco sin cerrar
Base de king00005· ✓ Cerrada en 20:13 · 31t muro · 1 puerta(s)
Terreno inicial suavizado · ◌ = hueco del cierre detectado · pasá el cursor para detalles
Inputs por minuto
— AoE2 ANGEL - - king00005
Build order — AoE2 ANGEL
Primeras 150 de 235 acciones detectadas
| 0:00 | Encolar | Villager (Male) |
| 0:02 | Construir | House |
| 0:03 | Construir | House |
| 0:12 | Encolar | Villager (Male) |
| 0:19 | Encolar | Villager (Male) |
| 0:19 | Encolar | Villager (Male) |
| 1:31 | Encolar | Villager (Male) |
| 1:31 | Encolar | Villager (Male) |
| 1:59 | Encolar | Villager (Male) |
| 2:01 | Encolar | Villager (Male) |
| 2:01 | Encolar | Villager (Male) |
| 2:37 | Construir | Lumber Camp |
| 2:41 | Encolar | Villager (Male) |
| 2:42 | Encolar | Villager (Male) |
| 3:10 | Encolar | Villager (Male) |
| 3:10 | Encolar | Villager (Male) |
| 3:43 | Encolar | Villager (Male) |
| 3:44 | Encolar | Villager (Male) |
| 3:44 | Encolar | Villager (Male) |
| 3:44 | Encolar | Villager (Male) |
| 3:52 | Construir | House |
| 4:27 | Encolar | Villager (Male) |
| 5:07 | Encolar | Villager (Male) |
| 5:17 | Construir | Mill |
| 5:38 | Investigar | Loom |
| 6:15 | Investigar | Feudal Age |
| 6:51 | Encolar | Villager (Male) |
| 6:54 | Encolar | Villager (Male) |
| 7:12 | Construir | Palisade Wall |
| 7:15 | Construir | Palisade Wall |
| 7:32 | Encolar | Villager (Male) |
| 7:44 | Construir | House |
| 8:26 | Edad | Edad Feudal |
| 8:28 | Construir | Stable |
| 8:33 | Investigar | Double-Bit Axe |
| 8:41 | Encolar | Villager (Male) |
| 9:05 | Construir | House |
| 9:13 | Construir | Palisade Wall |
| 9:16 | Encolar | Scout Cavalry |
| 9:41 | Construir | Palisade Wall |
| 9:47 | Encolar | Scout Cavalry |
| 10:02 | Encolar | Villager (Male) |
| 10:11 | Encolar | Villager (Male) |
| 10:23 | Construir | House |
| 10:25 | Encolar | Villager (Male) |
| 10:32 | Construir | House |
| 10:40 | Construir | Farm |
| 10:41 | Construir | Farm |
| 10:42 | Construir | Farm |
| 10:44 | Construir | Farm |
| 10:55 | Encolar | Scout Cavalry |
| 10:59 | Construir | Mining Camp |
| 11:13 | Encolar | Villager (Male) |
| 11:21 | Encolar | Villager (Male) |
| 11:21 | Encolar | Villager (Male) |
| 11:35 | Encolar | Villager (Male) |
| 11:44 | Construir | Farm |
| 11:49 | Construir | Farm |
| 11:55 | Encolar | Villager (Male) |
| 12:01 | Construir | Farm |
| 12:09 | Construir | Palisade Wall |
| 12:33 | Construir | Watch Tower |
| 12:38 | Encolar | Villager (Male) |
| 12:44 | Construir | Watch Tower |
| 12:46 | Encolar | Villager (Male) |
| 12:59 | Construir | Farm |
| 13:01 | Construir | Farm |
| 13:09 | Encolar | Scout Cavalry |
| 13:16 | Construir | Farm |
| 13:28 | Construir | Palisade Wall |
| 13:30 | Construir | Palisade Wall |
| 13:30 | Construir | Palisade Wall |
| 13:31 | Construir | Palisade Wall |
| 13:35 | Encolar | Villager (Male) |
| 13:38 | Construir | Farm |
| 13:43 | Construir | House |
| 13:47 | Encolar | Villager (Male) |
| 14:15 | Construir | Watch Tower |
| 14:40 | Encolar | Villager (Male) |
| 14:55 | Encolar | Villager (Male) |
| 14:55 | Encolar | Villager (Male) |
| 15:06 | Encolar | Scout Cavalry |
| 15:11 | Construir | Watch Tower |
| 15:14 | Construir | Farm |
| 15:17 | Encolar | Villager (Male) |
| 15:21 | Construir | Mining Camp |
| 15:24 | Encolar | Villager (Male) |
| 15:25 | Encolar | Scout Cavalry |
| 16:05 | Encolar | Villager (Male) |
| 16:32 | Construir | Blacksmith |
| 16:53 | Encolar | Villager (Male) |
| 17:07 | Construir | Palisade Wall |
| 17:23 | Construir | House |
| 17:37 | Investigar | Fletching |
| 17:50 | Encolar | Villager (Male) |
| 17:56 | Construir | House |
| 18:09 | Investigar | Castle Age |
| 19:05 | Construir | House |
| 19:34 | Encolar | Villager (Male) |
| 19:34 | Encolar | Villager (Male) |
| 19:37 | Construir | Farm |
| 19:38 | Construir | Farm |
| 19:39 | Construir | Farm |
| 19:39 | Construir | Farm |
| 19:42 | Construir | Farm |
| 19:58 | Construir | Watch Tower |
| 20:11 | Encolar | Villager (Male) |
| 20:16 | Construir | House |
| 20:17 | Construir | Farm |
| 20:18 | Construir | Farm |
| 20:29 | Construir | Farm |
| 20:55 | Edad | Edad de los Castillos |
| 20:59 | Encolar | Villager (Male) |
| 21:22 | Investigar | Bodkin Arrow |
| 21:51 | Construir | Farm |
| 21:52 | Construir | Farm |
| 21:53 | Construir | Farm |
| 22:05 | Encolar | Villager (Male) |
| 22:27 | Encolar | Villager (Male) |
| 22:34 | Construir | Farm |
| 22:35 | Construir | Farm |
| 22:37 | Construir | Lumber Camp |
| 22:39 | Investigar | Bow Saw |
| 23:10 | Encolar | Villager (Male) |
| 23:18 | Construir | Siege Workshop |
| 23:20 | Encolar | Villager (Male) |
| 23:26 | Construir | Monastery |
| 23:31 | Construir | House |
| 23:38 | Encolar | Villager (Male) |
| 23:42 | Encolar | Mangonel |
| 23:44 | Encolar | Villager (Male) |
| 23:58 | Construir | Lumber Camp |
| 24:00 | Encolar | Monk |
| 24:00 | Encolar | Monk |
| 24:01 | Encolar | Monk |
| 24:01 | Encolar | Villager (Male) |
| 24:10 | Construir | Stone Wall |
| 24:15 | Construir | Stone Wall |
| 24:34 | Encolar | Scorpion |
| 24:41 | Encolar | Monk |
| 24:42 | Encolar | Villager (Male) |
| 24:46 | Construir | Outpost |
| 25:09 | Encolar | Mangonel |
| 25:10 | Encolar | Monk |
| 25:34 | Encolar | Monk |
| 25:35 | Encolar | Villager (Male) |
| 25:35 | Encolar | Villager (Male) |
| 25:42 | Encolar | Mangonel |
| 25:45 | Construir | Outpost |
| 25:54 | Encolar | Villager (Male) |
Build order — king00005
Primeras 150 de 254 acciones detectadas
| 0:00 | Encolar | Villager (Male) |
| 0:00 | Encolar | Villager (Male) |
| 0:02 | Construir | House |
| 0:02 | Construir | House |
| 0:06 | Encolar | Villager (Male) |
| 0:06 | Encolar | Villager (Male) |
| 1:26 | Encolar | Villager (Male) |
| 1:26 | Encolar | Villager (Male) |
| 2:00 | Encolar | Villager (Male) |
| 2:00 | Encolar | Villager (Male) |
| 2:12 | Construir | Lumber Camp |
| 2:19 | Encolar | Villager (Male) |
| 2:19 | Encolar | Villager (Male) |
| 2:46 | Encolar | Villager (Male) |
| 2:46 | Encolar | Villager (Male) |
| 3:09 | Encolar | Villager (Male) |
| 3:09 | Encolar | Villager (Male) |
| 3:40 | Encolar | Villager (Male) |
| 3:46 | Encolar | Villager (Male) |
| 3:46 | Encolar | Villager (Male) |
| 4:51 | Encolar | Villager (Male) |
| 4:51 | Encolar | Villager (Male) |
| 5:03 | Construir | House |
| 5:17 | Investigar | Loom |
| 5:21 | Encolar | Villager (Male) |
| 5:38 | Encolar | Villager (Male) |
| 5:58 | Encolar | Villager (Male) |
| 6:03 | Construir | House |
| 6:22 | Encolar | Villager (Male) |
| 7:16 | Encolar | Villager (Male) |
| 7:23 | Construir | Mining Camp |
| 7:49 | Investigar | Feudal Age |
| 7:50 | Investigar | Feudal Age |
| 8:07 | Construir | House |
| 8:25 | Construir | House |
| 8:45 | Encolar | Villager (Male) |
| 8:58 | Construir | House |
| 8:59 | Construir | House |
| 9:07 | Construir | Palisade Wall |
| 9:10 | Construir | Palisade Wall |
| 9:25 | Construir | Palisade Wall |
| 9:39 | Construir | House |
| 9:43 | Construir | Palisade Wall |
| 9:49 | Encolar | Villager (Male) |
| 9:59 | Edad | Edad Feudal |
| 10:17 | Encolar | Villager (Male) |
| 10:24 | Encolar | Villager (Male) |
| 10:27 | Investigar | Double-Bit Axe |
| 10:28 | Investigar | Double-Bit Axe |
| 10:34 | Construir | Barracks |
| 11:20 | Construir | Mill |
| 11:37 | Encolar | Villager (Male) |
| 11:37 | Encolar | Villager (Male) |
| 11:59 | Encolar | Villager (Male) |
| 11:59 | Encolar | Villager (Male) |
| 12:08 | Construir | Market |
| 12:29 | Encolar | Villager (Male) |
| 12:29 | Encolar | Villager (Male) |
| 12:46 | Construir | Blacksmith |
| 12:51 | Encolar | Villager (Male) |
| 12:57 | Encolar | Spearman |
| 12:57 | Encolar | Spearman |
| 13:00 | Construir | House |
| 13:02 | Construir | House |
| 13:03 | Construir | Palisade Wall |
| 13:13 | Encolar | Militia |
| 13:15 | Construir | House |
| 13:22 | Encolar | Spearman |
| 13:22 | Encolar | Villager (Male) |
| 13:30 | Encolar | Villager (Male) |
| 13:39 | Investigar | Stone Mining |
| 13:46 | Construir | House |
| 13:59 | Construir | Palisade Gate |
| 14:07 | Encolar | Villager (Male) |
| 14:22 | Construir | Lumber Camp |
| 14:46 | Encolar | Villager (Male) |
| 14:46 | Encolar | Villager (Male) |
| 14:58 | Construir | Farm |
| 15:02 | Encolar | Villager (Male) |
| 15:14 | Construir | Farm |
| 15:15 | Encolar | Villager (Male) |
| 15:31 | Construir | Watch Tower |
| 15:53 | Encolar | Villager (Male) |
| 16:07 | Encolar | Villager (Male) |
| 16:09 | Construir | Farm |
| 16:12 | Construir | Farm |
| 16:40 | Construir | Farm |
| 16:49 | Construir | Farm |
| 17:33 | Investigar | Castle Age |
| 17:33 | Investigar | Castle Age |
| 17:42 | Construir | House |
| 17:44 | Construir | House |
| 17:46 | Construir | House |
| 17:48 | Construir | House |
| 18:58 | Construir | House |
| 19:18 | Construir | Market |
| 19:33 | Encolar | Villager (Male) |
| 19:34 | Encolar | Villager (Male) |
| 20:13 | Edad | Edad de los Castillos |
| 20:21 | Construir | Castle |
| 20:28 | Construir | Castle |
| 20:42 | Encolar | Villager (Male) |
| 21:25 | Construir | House |
| 21:27 | Construir | Palisade Wall |
| 21:40 | Encolar | Spearman |
| 21:40 | Encolar | Spearman |
| 21:47 | Encolar | Villager (Male) |
| 21:48 | Encolar | Villager (Male) |
| 21:52 | Construir | House |
| 22:15 | Construir | Siege Workshop |
| 22:21 | Encolar | Mameluke |
| 22:21 | Encolar | Mameluke |
| 22:28 | Encolar | Villager (Male) |
| 22:37 | Construir | Town Center |
| 23:11 | Encolar | Villager (Male) |
| 23:15 | Construir | Farm |
| 23:26 | Construir | Farm |
| 23:26 | Encolar | Villager (Male) |
| 23:55 | Encolar | Villager (Male) |
| 24:05 | Encolar | Battering Ram |
| 24:18 | Encolar | Villager (Male) |
| 24:37 | Encolar | Villager (Male) |
| 24:42 | Encolar | Trade Cart |
| 24:42 | Encolar | Villager (Male) |
| 24:42 | Encolar | Villager (Male) |
| 25:05 | Investigar | Gold Mining |
| 25:05 | Investigar | Gold Mining |
| 25:06 | Encolar | Villager (Male) |
| 25:22 | Encolar | Villager (Male) |
| 25:22 | Encolar | Villager (Male) |
| 25:39 | Encolar | Villager (Male) |
| 25:53 | Construir | Mill |
| 25:54 | Construir | Farm |
| 25:54 | Construir | Farm |
| 25:54 | Construir | Farm |
| 25:54 | Construir | Farm |
| 25:55 | Construir | Farm |
| 25:55 | Construir | Farm |
| 25:55 | Construir | Farm |
| 25:58 | Encolar | Villager (Male) |
| 26:00 | Encolar | Villager (Male) |
| 26:00 | Encolar | Villager (Male) |
| 26:27 | Encolar | Mameluke |
| 26:33 | Encolar | Mangonel |
| 26:34 | Encolar | Mangonel |
| 26:40 | Construir | Mining Camp |
| 26:41 | Encolar | Villager (Male) |
| 26:52 | Encolar | Villager (Male) |
| 26:57 | Encolar | Mameluke |
| 26:57 | Encolar | Mameluke |
Cronología de la partida
| 7:12 | AoE2 ANGEL · wall_segment Palisade Wall x1 |
| 7:15 | AoE2 ANGEL · wall_segment Palisade Wall x1 |
| 8:26 | AoE2 ANGEL · age_up feudal |
| 8:28 | AoE2 ANGEL · first_building Stable |
| 9:07 | king00005 · wall_segment Palisade Wall x8 |
| 9:10 | king00005 · wall_segment Palisade Wall x1 |
| 9:13 | AoE2 ANGEL · wall_segment Palisade Wall x7 |
| 9:25 | king00005 · wall_segment Palisade Wall x14 |
| 9:41 | AoE2 ANGEL · wall_segment Palisade Wall x1 |
| 9:43 | king00005 · wall_segment Palisade Wall x7 |
| 9:59 | king00005 · age_up feudal |
| 10:34 | king00005 · first_building Barracks |
| 12:09 | AoE2 ANGEL · wall_segment Palisade Wall x13 |
| 12:48 | king00005 · first_market_sell 100 stone |
| 12:49 | king00005 · first_market_buy 100 food |
| 13:03 | king00005 · wall_segment Palisade Wall x1 |
| 13:28 | AoE2 ANGEL · wall_segment Palisade Wall x1 |
| 13:30 | AoE2 ANGEL · wall_segment Palisade Wall x1 |
| 13:30 | AoE2 ANGEL · wall_segment Palisade Wall x1 |
| 13:31 | AoE2 ANGEL · wall_segment Palisade Wall x1 |
| 17:07 | AoE2 ANGEL · wall_segment Palisade Wall x1 |
| 20:13 | king00005 · age_up castle |
| 20:21 | king00005 · first_building Castle |
| 20:55 | AoE2 ANGEL · age_up castle |
| 21:27 | king00005 · wall_segment Palisade Wall x1 |
| 22:15 | king00005 · first_building Siege Workshop |
| 23:18 | AoE2 ANGEL · first_building Siege Workshop |
| 23:26 | AoE2 ANGEL · first_building Monastery |
| 24:10 | AoE2 ANGEL · wall_segment Stone Wall x2 |
| 24:15 | AoE2 ANGEL · wall_segment Stone Wall x11 |
| 27:09 | AoE2 ANGEL · first_building Castle |
| 29:27 | king00005 · first_building Stable |
| 32:54 | king00005 · first_building Monastery |
| 33:33 | AoE2 ANGEL · age_up imperial |
| 33:38 | AoE2 ANGEL · wall_segment Stone Wall x1 |
| 35:38 | AoE2 ANGEL · first_market_sell 100 wood |
| 35:39 | AoE2 ANGEL · first_market_buy 100 food |
| 37:22 | AoE2 ANGEL · first_building Archery Range |
| 38:39 | king00005 · resign |
[ ANÁLISIS IA · 1 CRÉDITO ]
¿Qué pasó realmente en esta partida?
Wolo.gg analiza cada decisión: build order, eco, micro, errores típicos por bracket. Análisis personalizado por WhatsApp o Discord en 30 segundos.
Guía civ
Jemeres
Perfil
Jugador #17289262